Map: Acid Plant LE

Players

Creator - Winner!

  • Race: Protoss Protoss
  • League: Master
  • Spawn Location: 5:00

Denver

  • Race: Zerg Zerg
  • League: Master
  • Spawn Location: 11:00

Event: HomeStory Cup XVIII

VOD

Have the link to the VOD?

Description

Time

  • Played on: Nov. 22, 2018, 11:47 a.m.
  • Length: 7:46

All games in this series

Show
View Real Time Build Order
Export as new Build Order

Creator Protoss - Winner!

Build Orders: 1 Gate Expand, Zealot Archon, Archon Drop, Dark Templar Rush 

Get SALT Encoding   

  12  0:00  Probe  
  13  0:12  Probe  
  14  0:20  Pylon  
  14  0:24  Probe  
  15  0:34  Probe  
  15  0:42  Gateway, Probe  
  16  0:47  Assimilator  
  17  0:52  Probe  
  18  1:04  Probe  
  19  1:16  Probe  
  20  1:25  Nexus  
  20  1:36  Cybernetics Core  
  20  1:38  Probe  
  21  1:42  Assimilator  
  21  1:50  Probe  
  21  1:52  Pylon  
  22  2:02  Probe  
  22  2:03  Adept  
  23  2:14  Probe  
  26  2:18  Twilight Council  
  26  2:26  Probe  
  26  2:29  Stalker  
  27  2:33  Probe, Warp Gate  
  27  2:34  Probe  
  29  2:41  Probe  
  29  2:42  Probe  
  33  2:52  Probe x2  
  35  3:06  Robotics Facility  
  35  3:07  Probe x2  
  37  3:15  Dark Shrine  
  37  3:19  Probe x2  
  39  3:26  Gateway  
  39  3:31  Probe  
  39  3:32  Probe  
  41  3:36  Gateway  
  41  3:38  Gateway  
  41  3:44  Warp Prism, Probe x2  
  41  3:46  Pylon  
  43  3:52  Pylon  
  45  3:59  Probe  
  45  4:02  Assimilator  
  46  4:03  Assimilator  
  46  4:08  Probe  
  47  4:11  Pylon, Warp Prism, Probe  
  48  4:22  Pylon  
  48  4:23  Probe x2  
  52  4:40  Dark Templar x4  
  60  5:01  Probe x2  
  60  5:02  Pylon  
  62  5:18  Dark Templar x3  
  62  5:19  Nexus  
  68  5:22  Pylon, Probe x2  
  70  5:32  Charge  
  70  5:33  Archon  
  70  5:34  Archon  
  70  5:35  Immortal  
  74  5:37  Probe x2  
  76  5:44  Sentry  
  77  5:51  Dark Templar  
  77  5:52  Zealot x2  
  79  5:59  Pylon, Archon  
  79  6:00  Pylon, Gateway  
  79  6:01  Gateway  
  79  6:08  Immortal  
  79  6:15  Pylon, Gateway x2  
  79  6:17  Dark Templar, Probe x2  
  83  6:23  Shield Battery  
  87  6:32  Probe x3  
  90  6:35  Shield Battery  
  90  6:36  Forge  
  90  6:48  Immortal  
  90  6:55  Probe  
  90  6:56  Probe x2  
  90  7:01  Pylon, Dark Templar  
  99  7:13  Dark Templar  
  99  7:17  Archon  
  99  7:22  Zealot x6  
  111  7:35  Pylon  
  111  7:39  Archon  
Show
View Real Time Build Order
Export as new Build Order

Denver Zerg 

Build Orders: Hatch First 

Get SALT Encoding   

  12  0:01  Drone  
  13  0:12  Overlord  
  13  0:17  Drone  
  14  0:30  Drone  
  14  0:31  Drone  
  16  0:48  Hatchery  
  15  0:53  Drone  
  17  0:57  Drone  
  17  0:59  Drone  
  18  1:11  Extractor  
  18  1:16  Spawning Pool  
  16  1:18  Drone  
  16  1:22  Drone  
  18  1:28  Drone  
  19  1:38  Drone  
  20  1:51  Drone  
  21  2:03  Queen x2  
  21  2:04  Zergling x4  
  27  2:11  Overlord  
  27  2:12  Drone  
  27  2:15  Metabolic Boost  
  28  2:31  Drone x2  
  30  2:37  Hatchery  
  30  2:40  Drone  
  30  2:42  Drone  
  31  2:45  Drone  
  31  2:48  Drone  
  33  2:53  Overlord  
  33  2:57  Drone  
  34  2:59  Spore Crawler  
  34  3:05  Queen  
  35  3:10  Zergling x2  
  35  3:12  Zergling x2  
  37  3:13  Drone  
  37  3:14  Drone x2  
  37  3:16  Drone  
  41  3:21  Overlord  
  41  3:22  Drone  
  41  3:27  Drone x2  
  43  3:32  Overlord  
  44  3:44  Drone  
  44  3:45  Drone x4  
  44  3:46  Spore Crawler  
  44  3:48  Drone  
  49  3:53  Overlord  
  49  3:54  Overlord  
  48  3:58  Lair  
  48  4:04  Roach Warren  
  48  4:05  Drone  
  48  4:06  Extractor  
  48  4:08  Drone x2  
  49  4:13  Drone x2  
  49  4:16  Drone x2  
  53  4:17  Drone  
  53  4:19  Drone  
  53  4:20  Drone  
  53  4:23  Drone x2  
  58  4:29  Spore Crawler  
  58  4:31  Extractor, Overlord  
  57  4:35  Spore Crawler  
  54  4:40  Overlord  
  54  4:41  Zergling x8  
  57  4:46  Zergling x6  
  57  4:47  Zergling x2  
  57  4:50  Roach  
  63  4:57  Roach  
  63  4:58  Roach x2  
  64  5:00  Overseer  
  64  5:06  Roach x3  
  70  5:11  Drone x3  
  70  5:14  Glial Reconstitution  
  67  5:21  Overlord  
  67  5:25  Roach  
  67  5:28  Queen  
  65  5:36  Roach x2  
  66  5:45  Roach x2  
  69  5:53  Roach x2  
  73  6:00  Hatchery  
  73  6:04  Roach x2  
  74  6:11  Roach x2  
  74  6:15  Roach  
  76  6:20  Roach  
  77  6:26  Roach x2  
  77  6:32  Overlord  
  82  6:33  Hatchery  
  81  6:52  Overlord  
  76  7:00  Roach  
  76  7:01  Overseer, Overlord  
  76  7:02  Overlord  
  76  7:07  Roach  
  76  7:08  Roach  
  74  7:10  Overlord  
  74  7:14  Roach x2  
  74  7:15  Roach  
  80  7:24  Roach x4  
Tags
 
Add a new tag
Caveats
  • Supply blocks, unpowered buildings, or Contaminate may cause inaccurate times.
  • Supply counts are checked every 10 seconds.